Kradschützen Motorcycle Team
Selects Italian Combined Arms Battlegroup
Selects Bersaglieri Squad
Construct Light Support Kompanie
Construct Mechanized Kompanie
Selects Semovente da 75/18 Assault Gun
Selects Carro Armato M13/40 Light Tank
Carro Armato M13/40 Light Tank
Carro Armato M13/40 Light Tank
Selects Vehicle Support - Secure Location
Selects Vehicle Support - Force Recon
Pak 38 Anti-tank Gun Team
Pak 38 Anti-tank Gun Team
Semovente da 75/18 Assault Gun
Panzerjäger Mechanized Group